 Dungeon Crawl Stone Soup version 0.25-a0-589-g1e14c54 (webtiles) character file.

Game seed: 11696391443924966124, levelgen mode: deterministic

37 15 the Firebug (level 3, -1/19 HPs)
             Began as a Deep Elf Fire Elementalist on Mar 10, 2020.
             Slain by a jackal (3 damage)
             ... on level 1 of the Dungeon.
             The game lasted 00:03:48 (544 turns).

15 the Firebug (Deep Elf Fire Elementalist)          Turns: 544, Time: 00:03:48

Health: -1/19      AC:  2    Str:  6    XL:     3   Next: 21%
Magic:  3/10       EV: 13    Int: 19    God:
Gold:   37         SH:  0    Dex: 15    Spells: 2/9 levels left

rFire    . . .     SeeInvis .   f - +0 dagger (curse)
rCold    . . .     Gourm    .   (no shield)
rNeg     . . .     Faith    .   a - +0 robe
rPois    .         Spirit   .   (no helmet)
rElec    .         Reflect  .   (no cloak)
rCorr    .         Harm     .   (no gloves)
MR       .....                  (no boots)
Stlth    ++........             (no amulet)
HPRegen  0.06/turn              (no ring)
MPRegen  0.12/turn              (no ring)

@: flying
A: no striking features
a: no special abilities


You were on level 1 of the Dungeon.
You were not hungry.

You visited 1 branch of the dungeon, and saw 1 of its levels.

You collected 37 gold pieces.

Inventory:

Hand Weapons
 f - a cursed +0 dagger (weapon)
Armour
 a - a +0 robe (worn)
Scrolls
 d - a scroll of blinking {unknown}
 e - a scroll of enchant weapon {unknown}
 g - a scroll of immolation {unknown}
 i - a scroll of teleportation {unknown}
Comestibles
 b - 3 chunks of flesh
 c - 2 rations


   Skills:
 + Level 2.9 Dodging
 + Level 2.7 Stealth
 + Level 3.5 Spellcasting
 + Level 1.2 Conjurations
 + Level 4.1 Fire Magic


You had 2 spell levels left.
You knew the following spells:

 Your Spells              Type           Power        Failure   Level  Hunger
a - Foxfire               Conj/Fire      ##..         4%          1    None
b - Conjure Flame         Conj/Fire      ##......     14%         3    ###....
c - Inner Flame           Hex/Fire       ##......     19%         3    ###....

Your spell library contained the following spells:

 Spells                   Type           Power        Failure   Level  Hunger
 Sticky Flame             Conj/Fire      ##......     43%         4    ####...
 Fireball                 Conj/Fire      ##........   80%         5    ######.


Dungeon Overview and Level Annotations

Branches:
Dungeon (1/15)

Altars:


Message History

The jackal closely misses you. The kobold hits you with a +0 club.
* * * LOW HITPOINT WARNING * * *
The jackal bites you.
* * * LOW HITPOINT WARNING * * *
You hit the jackal.
You kill the jackal!
The jackal bites you.
* * * LOW HITPOINT WARNING * * *
The kobold barely misses you. The jackal completely misses you.
You see here a bat skeleton.
The jackal barely misses you. The jackal misses you.
The jackal closely misses you. The jackal closely misses you.
The jackal misses you. The jackal bites you.
* * * LOW HITPOINT WARNING * * *
The jackal bites you.
You die...

.#...#.........# ..... ....####
....#..#.......# ..... ....h..†
...#..#........# .... ###.
##...#.........# #. #..†
##.#..#.###..## #.########.#>
#.......###.# #............
#.......###.#######...######.#÷
#.....................# #...
#.........#....@hK###.#######.#.
#.........####..#...............
#.........# #...#............#.
#.........# ##.................
#.........# #####......#######
..........# ###...## .........#
###.# #.# ###


You could see a jackal and a kobold.

Vanquished Creatures
  3 dart slugs (D:1)
  4 bats (D:1)
  4 giant cockroaches (D:1)
  2 goblins (D:1)
  3 hobgoblins (D:1)
  3 jackals (D:1)
  4 frilled lizards (D:1)
  3 kobolds (D:1)
  A rat (D:1)
27 creatures vanquished.

Vanquished Creatures (others)
  73 foxfires (D:1)
73 creatures vanquished.

Grand Total: 100 creatures vanquished

Notes
Turn   | Place    | Note
-------+----------+-------------------------------------------
     0 | D:1      | 15 the Deep Elf Fire Elementalist began the quest for the
                  | Orb.
     0 | D:1      | Reached XP level 1. HP: 10/10 MP: 6/6
    88 | D:1      | Reached XP level 2. HP: 15/15 MP: 1/8
   279 | D:1      | Reached skill level 4 in Fire Magic
   473 | D:1      | Reached XP level 3. HP: 19/19 MP: 4/9
   492 | D:1      | Learned a level 3 spell: Conjure Flame
   496 | D:1      | Learned a level 3 spell: Inner Flame
   544 | D:1      | Slain by a jackal

Levels and vault maps discovered:
D:1:      dpeg_arrival_water_altar, layout_rooms, minmay_misc_feat_diagonals,
          st_stairs_2, minmay_split_cup_small

Skill      XL: |  1  2 |
---------------+-------+-----
Fire Magic     | 4 |  4.1
Dodging        | |  2.9
Stealth        | |  2.7
Spellcasting   | |  3.5
Conjurations   | |  1.2

Action                   || total
-------------------------++-------
Melee: Dagger            ||    13
 Cast: Foxfire           ||    48
  Use: Potion            ||     1
Armor: Robe              ||     4
Dodge: Dodged            ||    25

Table legend:
 A = Non-vault XP
 B = Vault XP
 C = Vault XP percentage of total XP
 D = Non-vault monster count
 E = Vault monster count
 F = Vault count percentage of total count
                 A         B        C        D         E       F
            +---------+---------+-------+---------+---------+-------
      Total |      42 |      11 |  20.8 |      22 |       5 |  18.5
            +---------+---------+-------+---------+---------+-------
        D:1 |      42 |      11 |  20.8 |      22 |       5 |  18.5
            +---------+---------+-------+---------+---------+-------
